 Dungeon Crawl Stone Soup version 0.32-a0-999-gfa1cc04b1d (webtiles) character file.

Game seed: 9784837410054155584

154 Strat the Ruffian (level 5, 0/40 HPs)
             Began as a Draconian Shapeshifter on Apr 24, 2024.
             Slain by Grinder (4 damage)
             ... on level 4 of the Dungeon.
             The game lasted 00:04:50 (3840 turns).

Strat the Ruffian (Draconian Shapeshifter)          Turns: 3840, Time: 00:04:52

Health: 0/40       AC:  5    Str: 17    XL:     5   Next: 13%
Magic:  5/5        EV: 11    Int: 10    God:
Gold:   189        SH:  0    Dex: 12    Spells: 3/4 levels left

rFire   . .          .
                       - Unarmed
rCold   . . .        (no shield)
rNeg    . . .        (body armour unavailable)
rPois   .            (helmet currently unavailable)
rElec   .            (cloak currently unavailable)
rCorr   .            (gloves currently unavailable)
SInv    .            (boots currently unavailable)
Will    +....        (no amulet)
Stlth   +            (no ring)
HPRegen 0.26/turn    (no ring)
MPRegen 0.09/turn

%: no passive effects
@: beast-form, enlightened, flying (expiring)
A: beast (slay +2), AC +5, unfitting armour, cold-blooded
a: Begin Untransformation


You were on level 4 of the Dungeon.
You were a hulking beast.
You visited 1 branch of the dungeon, and saw 4 of its levels.

You collected 189 gold pieces.

Inventory:

Missiles
 j - 9 poisoned darts (quivered)
 o - 6 atropa-tipped darts
Armour
 k - a +0 pair of gloves
 n - a +2 hat of intelligence
Talismans
 b - a beast talisman (active)
 c - a flux talisman
 m - a maw talisman
Scrolls
 e - a scroll of amnesia
 h - 2 scrolls of brand weapon
Potions
 a - a potion of lignification
 f - a potion of enlightenment
 i - a potion of haste {unknown}
 l - a potion of resistance {unknown}


   Skills:
 - Level 1.1 Fighting
 - Level 1.7 Dodging
 * Level 5.1 Unarmed Combat
 + Level 3.9 Shapeshifting


You had 3 spell levels left.
You knew the following spells:

 Your Spells              Type           Power      Damage    Failure   Level
a - Apportation           Tloc           0%         N/A       36%         1

Your spell library contained the following spells:

 Spells                   Type           Power      Damage    Failure   Level
 Necrotise                Necr           0%         1d4       36%         1
 Slow                     Hex            0%         N/A       36%         1
 Sting                    Conj/Alch      0%         1d3       36%         1
 Summon Small Mammal      Summ           0%         N/A       36%         1
 Confusing Touch          Hex            0%         N/A       75%         3
 Vampiric Draining        Necr           0%         2d6       75%         3
 Conjure Ball Lightning   Conj/Air       0%         3x3d6     100%        6
 Discord                  Hex            0%         N/A       100%        8
 Disjunction              Tloc           0%         N/A       100%        8


Dungeon Overview and Level Annotations

Branches:
Dungeon (4/15)
 Temple: D:4-7

Altars:
Dithmenos

Shops:
D:4 *

Annotations:
D:4 Grinder


Innate Abilities, Weirdness & Mutations

You are a hulking beast.
Your limbs bulge with bestial killing power. (Slay +2)
Your plain brown scales are hard. (AC +5)
You cannot fit into any form of body armour.
You are cold-blooded and may be slowed by cold attacks.


Message History

Grinder closely misses you.
You feel better.
Grinder blinks!
Grinder says, "Don't move a muscle."
You feel better. Grinder hits you.
You writhe in agony.
* * * LOW HITPOINT WARNING * * *
You hit Grinder but do no damage.
Grinder is lightly wounded.
You are starting to lose your buoyancy.
Grinder gestures at you. Pain shoots through your body!
* * * LOW HITPOINT WARNING * * *
You punch Grinder! You punch Grinder.
Grinder is severely wounded.
Grinder misses you.
You hit Grinder but do no damage.
Grinder is severely wounded.
Unknown command.
You punch Grinder!
Grinder is almost dead.
Grinder completely misses you.
You closely miss Grinder.
Grinder is almost dead.
Grinder hits you!
* * * LOW HITPOINT WARNING * * *
You writhe in agony.
* * * LOW HITPOINT WARNING * * *
Unknown command.
Okay, then.
You completely miss Grinder.
Grinder is almost dead.
Grinder gestures at you. You resist with some effort.
You hit Grinder but do no damage.
You tail-slap Grinder, but do no damage.
Grinder is almost dead.
Grinder hits you.
* * * LOW HITPOINT WARNING * * *
You writhe in agony.
You die...
Grinder says, "Now the real fun starts!"

#.###### #∩######### #......#
'##.......# ########.# .#
#########.#####.# #.# ..
#...#.#.....# #.#
.###.######.#.#.#.###.######.###
.........^.>#.#.#.#............#
.###.#....).#.#.#.#.#.##########
#......#.#.#h#...#.#
.....[.#.#.#.#5###.#.#
######.#.#.#.#.#####.##########
#.#)#...........)).%......
#.#.#.###.#####.##########
#.#..........##.# #
###.###.#......##.# #
#.....#.#......##.#### #
#...g.#g#......##....# #


You could see Grinder.

Vanquished Creatures
  An orc wizard (D:2)
  4 gnolls (D:4)
  An adder (D:3)
  A ribbon worm (D:2)
  3 dart slugs (D:1)
  5 orcs
  6 ball pythons
  2 endoplasms
  5 giant cockroaches
  10 hobgoblins
  6 jackals
  4 kobolds
  A quokka (D:2)
  2 bats
  3 frilled lizards
  5 goblins
  4 rats
63 creatures vanquished.

Notes
Turn   | Place    | Note
-------+----------+-------------------------------------------
     0 | D:1      | Strat the Draconian Shapeshifter began the quest for the
                  | Orb.
     0 | D:1      | Reached XP level 1. HP: 16/16 MP: 1/1
   149 | D:1      | Reached XP level 2. HP: 17/23 MP: 2/2
   558 | D:1      | Reached XP level 3. HP: 28/28 MP: 3/3
   981 | D:2      | Reached skill level 4 in Unarmed Combat
  1218 | D:2      | Reached XP level 4. HP: 27/35 MP: 4/4
  1287 | D:2      | Found a shadowy altar of Dithmenos.
  1384 | D:2      | Learned a level 1 spell: Apportation
  3599 | D:4      | Reached skill level 5 in Unarmed Combat
  3626 | D:4      | Noticed a scorpion
  3664 | D:4      | Reached XP level 5. HP: 20/40 MP: 5/5
  3717 | D:4      | Noticed Grinder
  3797 | D:4      | Found Ededoz's General Store.
  3806 | D:4      | Paralysed by Grinder for 5 turns
  3840 | D:4      | Slain by Grinder

Illustrated notes

Levels and vault maps discovered:
D:1:      roderic_octagonal_star, layout_basic
D:2:      layout_loops_cross, basic_altar, kennysheep_decorative_pillar
D:3:      layout_loops_corners
D:4:      layout_basic, serial_shops, nicolae_shop_tiny_glass,
          minmay_goblin_kobold_house, uniq_grinder

Skill      XL: |  1  2  3  4 |
---------------+-------------+-----
Unarmed Combat | 4 5 |  5.1
Fighting       | |  1.1
Dodging        | |  1.7
Shapeshifting  | |  3.9

Action                     |  1- 3 |  4- 6 || total
---------------------------+-------+-------++-------
  Melee: Unarmed           |    88 |    89 ||   177
         Tailslap          |    14 |     6 ||    20
         Punch             |     1 |     2 ||     3
    Use: Scroll            |       |     4 ||     4
         Potion            |       |     3 ||     3
   Stab: Sleeping          |     2 |       ||     2
 Armour: Skin              |    44 |    46 ||    90
  Dodge: Dodged            |    46 |    42 ||    88

Table legend: (Time is in decaauts)
 A = Elapsed time spent in this place.
 B = Non-inter-level travel time spent in this place.
 C = Inter-level travel time spent in this place.
 D = Time resting spent in this place.
 E = Time spent auto-exploring this place.
 F = Levels seen in this place.
 G = Mean time per level.
                   A        B        C        D        E       F      G
               +--------+--------+--------+--------+--------+-----+--------+
         Total |   3831 |   3743 |     88 |    786 |   2281 |   4 |  957.8 |
       Dungeon |   3831 |   3743 |     88 |    786 |   2281 |   4 |  957.8 |
               +--------+--------+--------+--------+--------+-----+--------+

Top non-repeatable levels by time:
     D:2: 1238 daAuts
     D:3: 1185 daAuts
     D:1: 949 daAuts
     D:4: 457 daAuts
